 Dungeon Crawl Stone Soup version 0.31-a0-746-ge8284cb111 (webtiles) character file.

Game seed: 7412678524224622269

7037 Ijustatesigmund the Thaumaturge (level 10, -12/58 HPs)
             Began as a Deep Elf Fire Elementalist on Sept 14, 2023.
             Was a Believer of Vehumet.
             Mangled by an orc warlord
             ... wielding a +7 battleaxe
              (27 damage)
             ... in a bailey.
             The game lasted 00:31:10 (12203 turns).

Ijustatesigmund the Thaumaturge (DEFE)             Turns: 12203, Time: 00:31:11

Health: -12/58     AC:  7    Str:  7    XL:     10   Next: 83%
Magic:  19/26      EV: 12    Int: 23    God:    Vehumet [**....]
Gold:   627        SH: 11    Dex: 21    Spells: 10/30 levels left

rFire   + + +        r - +0 hand cannon "Plog" {penet, Contam rPois rF+++ rN++}
rCold   + . .        x - +0 buckler
rNeg    + + .        a - +2 robe {rC+}
rPois   +            E - +0 helmet
rElec   .            (no cloak)
rCorr   .            (no gloves)
SInv    .            c - +1 pair of boots
Will    +....        o - amulet of reflection
Stlth   ++           y - +6 ring of dexterity
HPRegen 0.29/turn    (no ring)
MPRegen 0.20/turn

%: reflection
@: brilliant, very slightly contaminated
A: no striking features
a: Renounce Religion


You were in a bailey.
You worshipped Vehumet.
Vehumet was pleased with you.
You visited 2 branches of the dungeon, and saw 10 of its levels.
You also visited: Ossuary and Bailey.

You collected 627 gold pieces.

Inventory:

Hand Weapons
 d - a +3 dagger of venom
 i - the +4 sling of Xom, Devouring {speed, Dex+3}
   (You found it on level 2 of the Dungeon)

   Dex+3:     It affects your dexterity (+3).
 r - the +0 hand cannon "Plog" (weapon) {penet, Contam rPois rF+++ rN++}
   (You acquired it in an ossuary)

   rF+++:     It renders you almost immune to fire.
   rPois:     It protects you from poison rN++: It greatly protects you from
   negative energy.
   Contam:    It causes magical contamination when unequipped.
Missiles
 k - 2 throwing nets
Armour
 a - a +2 robe of cold resistance (worn)
 c - a +1 pair of boots (worn)
 x - a +0 buckler (worn)
 E - a +0 helmet (worn)
Magical Staves
 F - a staff of fire
 H - the staff "Teskethu" {*Corrode rC+ Int+4 Stlth+ Earth}
   (You found it on level 7 of the Dungeon)

   [staff of earth]

   Base accuracy: +5 Base damage: 5 Base attack delay: 1.2 This weapon's minimum
   attack delay (0.6) is reached at skill level 12.
   Int+4:     It affects your intelligence (+4).
   rC+:       It protects you from cold.
   *Corrode:  It may corrode you when you take damage.
   Stlth+:    It makes you more stealthy.
   Earth:     It increases the power of your Earth spells.
   It falls into the 'Staves' category.
   It is a one-handed weapon.
Jewellery
 o - an amulet of reflection (around neck)
 y - a +6 ring of dexterity (left hand)
 G - an amulet of guardian spirit
 I - a ring of protection from cold
 J - a ring of protection from fire
Wands
 l - a wand of digging (3)
 n - a wand of charming (28)
 v - a wand of flame (14)
 L - a wand of polymorph (3)
Scrolls
 e - 3 scrolls of teleportation
 f - 2 scrolls of amnesia
 j - a scroll of revelation
 s - 4 scrolls of vulnerability
 D - 2 scrolls of enchant weapon
Potions
 b - a potion of might
 g - 3 potions of berserk rage
 h - 3 potions of brilliance
 m - 3 potions of attraction
 p - a potion of cancellation
 q - a potion of resistance
 t - 2 potions of ambrosia {unknown}
 w - a potion of magic
 z - 2 potions of mutation {unknown}
 A - 2 potions of enlightenment {unknown}
 B - 2 potions of lignification {unknown}
 C - 3 potions of haste {unknown}
 K - a potion of heal wounds {unknown}


   Skills:
 - Level 4.9 Fighting
 - Level 7.4 Ranged Weapons
 - Level 2.4 Dodging
 - Level 2.4 Stealth
 - Level 3.1 Shields
 + Level 10.5 Spellcasting
 - Level 8.0 Conjurations
 + Level 2.2 Translocations
 + Level 2.2 Transmutations
 + Level 9.0 Fire Magic
 + Level 2.1 Earth Magic
 + Level 2.1 Poison Magic


You had 10 spell levels left.
You knew the following spells:

 Your Spells              Type           Power      Damage    Failure   Level
a - Foxfire               Conj/Fire      100%       2x1d9     1%          1
b - Scorch                Fire           100%       2d9       1%          2
c - Flame Wave            Conj/Fire      67%        2d15      2%          4
d - Stone Arrow           Conj/Erth      100%       3d13      3%          3
e - Starburst             Conj/Fire      33%        6d10      36%         6
f - Apportation           Tloc           66%        N/A       3%          1
g - Ignite Poison         Fire/Tmut/Pois 49%        N/A       4%          3

Your spell library contained the following spells:

 Spells                   Type           Power      Damage    Failure   Level
 Searing Ray              Conj           100%       2d8       1%          2
 Volatile Blastmotes      Fire/Tloc      100%       2d18      2%          3
 Sting                    Tmut/Pois      100%       1d8       3%          1
 Inner Flame              Hex/Fire       49%        N/A       3%          3
 Dazzling Flash           Conj/Hex       92%        N/A       4%          3
 Necrotise                Necr           72%        1d7       9%          1
 Slow                     Hex            72%        N/A       9%          1
 Summon Small Mammal      Summ           72%        N/A       9%          1
 Cigotuvi's Dreadful Rot  Necr/Pois/Air  46%        N/A       10%         2
 Confusing Touch          Hex            18%        N/A       26%         3
 Sigil of Binding         Hex            18%        N/A       26%         3
 Vampiric Draining        Necr           18%        2d7       26%         3
 Petrify                  Tmut/Erth      33%        N/A       32%         4
 Olgreb's Toxic Radiance  Pois           33%        N/A       34%         4
 Arcjolt                  Conj/Air       23%        1d33      41%         5
 Animate Armour           Summ/Erth      50%        N/A       47%         4
 Summon Lightning Spire   Summ/Air       18%        N/A       63%         4
 Lee's Rapid Deconstruct  Erth           16%        3d10*     67%         5
 Eringya's Noxious Bog    Tmut/Pois      16%        4d6       99%         6
 Discord                  Hex            9%         N/A       100%        8
 Ignition                 Fire           34%        3d11      100%        8
 Lehudib's Crystal Spear  Conj/Erth      26%        10d7      100%        8
 Maxwell's Capacitive Co  Air            9%         ∞         100%        8


Dungeon Overview and Level Annotations

Branches:
Dungeon (9/15)             Temple (1/1) D:7             Orc (0/2) D:9
Ossuary (visited)          Bailey (1/1)
   Lair: D:8-11

Altars:
Ashenzari
Dithmenos
Elyvilon
Fedhas
Gozag
Hepliaklqana
Kikubaaqudgha
Makhleb
Nemelex Xobeh
Okawaru
Qazlal
Ru
Sif Muna
Trog
Vehumet
Wu Jian

Annotations:
D:8 2 transporters, Talonman3's ghost, novice TrSh


Message History

There is an open gate here.
There is an open door, spattered with blood here.
No target in view!
Items here: ))) [[[.
The orc warlord shouts!
Things that are here:
a +0 war axe; a +0 ring mail
Okay, then.
You shoot a bolt.
The bolt pierces through the orc warlord!
The orc warlord is lightly wounded.
You feel clever all of a sudden.
You shoot a bolt.
The bolt pierces through the orc warlord!
The orc warlord is moderately wounded.
Casting: Flame Wave (dangerous; 2% risk of failure)
Confirm with . or Enter, or press ? or * to list all spells.
You feel a surge of power!
Flames lash the orc warlord.
The orc warlord is moderately wounded.
The orc warlord's fire resistance burns away.
The orc warlord is engulfed in a cloud of scalding steam.
The orc warlord hits you with a +7 battleaxe!!
Casting: Scorch (safe; 1% risk of failure)
Confirm with . or Enter, or press ? or * to list all spells.
Casting: Starburst (extremely dangerous; 36% risk of failure)
Press: ? - help, Dir - look around, f - activate You feel a surge of power!
The bolt of fire hits the orc warlord!!
The orc warlord is burned terribly!
The orc warlord is severely wounded.
The orc warlord hits you with a +7 battleaxe!
* * * LOW HITPOINT WARNING * * *
Casting: Starburst (extremely dangerous; 36% risk of failure)
Confirm with . or Enter, or press ? or * to list all spells.
Casting: Starburst (extremely dangerous; 36% risk of failure)
Press: ? - help, Dir - look around, f - activate You feel a surge of power!
You miscast Starburst.
You are very lightly contaminated with residual magic.
Nothing appears to happen.
The orc warlord hits you with a +7 battleaxe!!
You die...

.8 #...........'......
. #...........#......
###
###.........##......
##.###
###.###.....###♣.♣....
.....###
###.).).#'#.###
♣♣♣....
.......###..)).).))###
♣♣♣♣♣
........#....)....).#
........#....).).)..#
..⌠.....#.)...§o@...#
........')).........#
........#...........#
.......###.).......##
.....### ###.....###
##.### ###.### ### ###


You could see an orc warlord (combustible).

Vanquished Creatures
  Jeremiah (D:7)
  An unseen horror (D:7)
  2 trolls (D:7)
  3 hornets
  A shadow (D:7)
  A wyvern (D:7)
  5 wraiths
  A steam dragon (D:6)
  2 water moccasins
  13 orc warriors (Bailey)
  2 ice beasts (D:5)
  A black bear (D:6)
  5 ogres
  A centaur (D:7)
  3 bullfrogs (D:7)
  2 gnoll sergeants
  4 elf skeletons (D:4)
  A scorpion (D:6)
  2 howler monkeys (D:7)
  A crimson imp (D:4)
  3 human zombies (D:4)
  2 jellies
  3 orc priests
  2 gnoll boudas
  3 hounds
  4 iguanas
  2 human skeletons (D:4)
  7 orc wizards
  3 mummies (Ossuary)
  23 gnolls
  7 adders
  3 shadow imps
  2 white imps
  2 ufetubi
  3 worms (D:3)
  2 dart slugs
  41 orcs
  14 ball pythons
  3 bats (D:2)
  6 endoplasms
  5 giant cockroaches
  11 hobgoblins
  A jackal (D:3)
  9 kobolds
  8 quokkas
  4 frilled lizards
  2 gnoll zombies (Ossuary)
  24 goblins
  4 goblin zombies (Ossuary)
  3 hobgoblin zombies (Ossuary)
  2 kobold zombies (Ossuary)
  3 orc zombies
  7 rats
270 creatures vanquished.

Vanquished Creatures (collateral kills)
  An orc warrior (Bailey)
  2 orcs (Bailey)
  A goblin (Bailey)
4 creatures vanquished.

Vanquished Creatures (others)
  An orc warrior (D:7)
  An orc wizard (D:4)
  2 gnolls (D:7)
  68 foxfires
72 creatures vanquished.

Grand Total: 346 creatures vanquished

Notes
Turn   | Place    | Note
-------+----------+-------------------------------------------
     0 | D:1      | Ijustatesigmund the Deep Elf Fire Elementalist began the
                  | quest for the Orb.
     0 | D:1      | Reached XP level 1. HP: 10/10 MP: 6/6
   148 | D:1      | Reached XP level 2. HP: 16/16 MP: 5/8
   151 | D:1      | Learned a level 2 spell: Scorch
   422 | D:1      | Reached XP level 3. HP: 20/20 MP: 7/10
   792 | D:2      | Identified the +4 sling of Xom, Devouring {speed, Dex+3}
   919 | D:2      | Reached skill level 1 in Fighting
  1359 | D:2      | Reached skill level 1 in Ranged Weapons
  1359 | D:2      | Reached XP level 4. HP: 25/25 MP: 8/11
  1920 | D:3      | Reached skill level 4 in Spellcasting
  2598 | D:3      | Found a shimmering blue altar of Sif Muna.
  2602 | D:3      | Reached XP level 5. HP: 29/29 MP: 13/13
  3010 | D:4      | Found a sand-covered staircase.
  3024 | Ossuary  | Entered an ossuary
  3024 | Ossuary  | Noticed a wraith
  3024 | Ossuary  | Noticed a wraith
  3024 | Ossuary  | Noticed a wraith
  3191 | Ossuary  | Reached XP level 6. HP: 12/35 MP: 8/15
  3289 | Ossuary  | Learned a level 4 spell: Flame Wave
  3372 | Ossuary  | Noticed a wraith
  3397 | Ossuary  | Killed a wraith
  3398 | Ossuary  | Reached skill level 5 in Spellcasting
  3828 | Ossuary  | Identified a scroll of acquirement
  3828 | Ossuary  | Acquired the +0 hand cannon "Plog" {penet, Contam rPois
                  | rF+++ rN++}
  4228 | D:4      | Reached skill level 5 in Fire Magic
  4228 | D:4      | Reached XP level 7. HP: 16/40 MP: 9/17
  5178 | D:4      | Found a blossoming altar of Fedhas.
  5224 | D:4      | Found Yczaxautsi's Armour Boutique.
  5251 | D:4      | Reached skill level 6 in Spellcasting
  5782 | D:4      | Identified the +1 ring mail "Ditsiquar" {rElec Will- Str+3}
  5910 | D:4      | Found a burning altar of Makhleb.
  5921 | D:4      | Found a radiant altar of Vehumet.
  6297 | D:5      | Entered Level 5 of the Dungeon
  6332 | D:5      | Reached XP level 8. HP: 41/46 MP: 14/19
  6350 | D:5      | Found a hazy altar of Hepliaklqana.
  6506 | D:5      | Reached skill level 5 in Ranged Weapons
  6629 | D:5      | Reached skill level 5 in Conjurations
  6694 | D:5      | Reached skill level 7 in Spellcasting
  6929 | D:5      | Found a stormy altar of Qazlal.
  6931 | D:5      | Noticed an air elemental
  7043 | D:5      | Identified the +6 mace "Jayh" {heavy, Dex+3}
  7645 | D:6      | Reached XP level 9. HP: 52/52 MP: 22/22
  8236 | D:7      | Noticed Jeremiah
  8241 | D:7      | Killed Jeremiah
  8283 | D:7      | Acquired a staff of fire
  8388 | D:7      | Noticed a troll
  8391 | D:7      | Reached skill level 8 in Spellcasting
  8398 | D:7      | Killed a troll
  8777 | D:7      | Killed an unseen horror
  8778 | D:7      | Reached skill level 1 in Shields
  8785 | D:7      | Reached skill level 9 in Spellcasting
  8958 | D:7      | Identified the +6 hand axe "Newtslayer" {flame, rPois rC-
                  | Will+}
  8993 | D:7      | Reached XP level 10. HP: 56/58 MP: 25/25
  9439 | D:7      | Identified the staff "Teskethu" {*Corrode rC+ Int+4 Stlth+
                  | Earth}
  9449 | D:7      | Got the Discourse on Contamination and Clouds
  9449 | D:7      | Got the Omnibus of Petrified Configuration
  9527 | D:7      | Found a bloodstained altar of Trog.
  9674 | D:7      | Found a staircase to the Ecumenical Temple.
  9683 | Temple   | Entered the Ecumenical Temple
  9872 | D:4      | Became a worshipper of Vehumet
 10347 | D:8      | Found an iron altar of Okawaru.
 10372 | D:8      | Found a transporter.
 10374 | D:8      | Noticed a centaur warrior
 10380 | D:8      | Noticed Talonman3's ghost (novice TrSh)
 10384 | D:8      | Found a transporter.
 10450 | D:8      | Reached skill level 10 in Spellcasting
 10547 | D:8      | Learned a level 3 spell: Stone Arrow
 10554 | D:8      | Learned a level 6 spell: Starburst
 10970 | D:9      | Found a flagged portal.
 10975 | Bailey   | Entered a bailey
 10978 | Bailey   | Learned a level 1 spell: Apportation
 10982 | Bailey   | Learned a level 3 spell: Ignite Poison
 11128 | Bailey   | Reached * piety under Vehumet
 11128 | Bailey   | Offered knowledge of Freeze by Vehumet.
 11505 | Bailey   | Reached skill level 1 in Transmutations
 11517 | Bailey   | Reached skill level 1 in Translocations
 11517 | Bailey   | Reached skill level 1 in Earth Magic
 11517 | Bailey   | Reached skill level 1 in Poison Magic
 11823 | Bailey   | Reached ** piety under Vehumet
 11823 | Bailey   | Offered knowledge of Searing Ray by Vehumet.
 11989 | Bailey   | Noticed an orc warlord
 12203 | Bailey   | Mangled by an orc warlord

Illustrated notes

Levels and vault maps discovered:
D:1:      dpeg_arrival_radiant, layout_rooms, chequers_jeans
D:2:      layout_basic, nicolae_concentric_dashed_squares_mild,
          minmay_liquid_box, minmay_randomly_rotated_circles
D:3:      minmay_bubble_buster, layout_loops_corners, kennysheep_orc_sif_temple
D:4:      layout_gridville, lemuel_coloured_pillars_altar,
          grunt_temple_overflow_lords_of_destruction, serial_shops, shop,
          nicolae_ossuary_entry_catacombs, kennysheep_small_spiral
D:5:      nicolae_cairo_tiling_large_dashed, layout_basic,
          mainiacjoe_overflow_six_doors_small, nicolae_qazlal_style_of_elements
D:6:      layout_loops_ring
D:7:      minmay_the_grid_four_pointed_star
          [minmay_the_grid_triangle_9x9_stretched_checkered,
          minmay_the_grid_triangle_9x9_dagger,
          minmay_the_grid_triangle_9x9_zippers_vertical,
          minmay_the_grid_triangle_9x9_sparse_checkered,
          minmay_the_grid_prize_four_corners_diamond_b], layout_rooms,
          bloody_trog, lemuel_temple_firewalk_b, kennysheep_generic_room_8,
          uniq_jeremiah
D:8:      layout_cave_pools, amcnicky_altar_gilded, gammafunk_ghost_arena
D:9:      layout_basic, lemuel_tele_altar, zin_statuary, slow_altar_1,
          orc_0_dummy, enter_bailey_3, minivault_14,
          minmay_misc_feat_secret_circle, uniq_harold, uniq_grum
Temple:   hellmonk_temple_two_chambers
Bailey:   bailey_axe_minmay_hex_keep, bailey

Skill      XL: |  1  2  3  4  5  6  7  8  9 10 |
---------------+-------------------------------+-----
Fighting       | 1 2 3 4 |  4.9
Conjurations   | 2 3 4 5 7 8 |  8.0
Ranged Weapons | 1 2 3 4 6 7 |  7.4
Fire Magic     | 4 5 6 7 9 |  9.0
Spellcasting   | 4 5 6 7 9 10 | 10.5
Shields        | 2 3 |  3.1
Transmutations | 2 |  2.2
Translocations | 2 |  2.2
Earth Magic    | 2 |  2.1
Poison Magic   | 2 |  2.1
Dodging        | |  2.4
Stealth        | |  2.4

Action                     |  1- 3 |  4- 6 |  7- 9 | 10-12 || total
---------------------------+-------+-------+-------+-------++-------
   Fire: Sling             |    22 |    95 |       |       ||   117
         Hand cannon       |       |    16 |   164 |   119 ||   299
   Cast: Foxfire           |    31 |     7 |     3 |     3 ||    44
         Scorch            |     7 |    33 |    62 |    34 ||   136
         Flame Wave        |       |     1 |    11 |    14 ||    26
         Stone Arrow       |       |       |       |     3 ||     3
         Starburst         |       |       |       |     1 ||     1
  Evoke: Wand              |       |       |       |     3 ||     3
    Use: Scroll            |       |    11 |     6 |     6 ||    23
         Potion            |       |     4 |     1 |     1 ||     6
 Armour: Robe              |     6 |    41 |    89 |    61 ||   197
  Dodge: Dodged            |     8 |    44 |    74 |    44 ||   170
  Block: Other             |       |    10 |    33 |     1 ||    44
         Reflection        |       |       |     2 |     1 ||     3
         Buckler           |       |       |       |    41 ||    41

Table legend: (Time is in decaauts)
 A = Elapsed time spent in this place.
 B = Non-inter-level travel time spent in this place.
 C = Inter-level travel time spent in this place.
 D = Time resting spent in this place.
 E = Time spent auto-exploring this place.
 F = Levels seen in this place.
 G = Mean time per level.
                   A        B        C        D        E       F      G
               +--------+--------+--------+--------+--------+-----+--------+
         Total |  12414 |  11827 |    587 |   3746 |   6235 |  12 | 1034.5 |
       Dungeon |  10188 |   9605 |    583 |   2375 |   5846 |   9 | 1132.0 |
        Temple |     13 |     10 |      3 |      0 |      0 |   1 |   13.0 |
       Ossuary |    940 |    940 |      0 |    496 |    302 |   1 |  940.0 |
        Bailey |   1271 |   1271 |      0 |    875 |     87 |   1 | 1271.0 |
               +--------+--------+--------+--------+--------+-----+--------+

Top non-repeatable levels by time:
     D:4: 2668 daAuts
     D:7: 1528 daAuts
  Bailey: 1271 daAuts
     D:6: 1240 daAuts
     D:3: 1192 daAuts
     D:5: 1011 daAuts
 Ossuary: 940 daAuts
     D:2: 922 daAuts
     D:1: 767 daAuts
     D:8: 738 daAuts
     D:9: 118 daAuts
  Temple: 13 daAuts
